AoeStats
← Corsican Pirate

Arena

509629870Analyzed
4v4 RM · 6d ago on Sep 27, 2026· 11m 28s· 8 players
Game mode
Random Map
Map size
Large (8 player)
Population
200
Speed
Normal
Resources
Standard
Victory
Conquest
Starting age
Dark Age
Ending age
Imperial Age
RankedLock teamsTeams togetherTeam positionsShared explorationLock speedFull tech treeHidden civsTurbo modeCheats
Victory
Defeat
🇲🇽 Franks · Mexico
1337
+16
🇲🇽 Bengalis · Mexico
1331
+16
🇲🇽 Lithuanians · Mexico
1319
+17
🇨🇳 Teutons · China
1312
+17
🇭🇰 Saxons · Hong Kong SAR China
1349
-16
🇹🇼 Persians · Taiwan
1349
-17
🇹🇼 Britons · Taiwan
1342
-17
🇨🇳 Koreans · China
1323
-16
Glamdring
11:03 Feudal Age
Gúthwinë
10:48 Feudal Age
9:09 Loom
Corsican Pirate
11:30 Feudal Age
C_XW
8:27 Feudal Age
7:08 Loom
9:25 Double-Bit Axe
六百公斤大肥豬
10:50 Feudal Age
inertgas01
10:29 Feudal Age
passiontea
6:09 Loom
10:48 Feudal Age
东海的世界
10:38 Feudal Age
Connection lost

Rejoining the realm…

Still unreachable

The connection could not be restored.

Session expired

The server has moved on; the page needs a fresh start.